AoeStats
← ihate

Northern Isles

510537752Analyzed
1v1 RM · 1d ago on Oct 1, 2026· 28m 4s· 2 players
Game mode
Random Map
Map size
Tiny (2 player)
Population
200
Speed
Normal
Resources
Standard
Victory
Conquest
Starting age
Dark Age
Ending age
Imperial Age
RankedLock teamsTeams togetherTeam positionsShared explorationLock speedFull tech treeHidden civsTurbo modeCheats
Victory
Defeat
🇩🇪 Japanese · Germany
1147
+15
🇩🇪 Varangians · Germany
1126
-15
ihate
10:39 Feudal Age
10:36 Loom
19:56 Castle Age
18:21 Double-Bit Axe
18:17 Horse Collar
22:09 Scale Barding Armor
Poppenpomper
8:16 Loom
10:32 Feudal Age
11:02 Double-Bit Axe
10:41 Man-at-Arms
15:19 Arson
17:49 Forging
20:25 Castle Age
21:42 Scale Barding Armor
23:16 Iron Casting
24:57 Bloodlines
Connection lost

Rejoining the realm…

Still unreachable

The connection could not be restored.

Session expired

The server has moved on; the page needs a fresh start.